[Event "Wednesday Night Engine Tour 11 Rd Swiss 5m+1s Starts at 2200hrs ST"]
[Site "Infinity Chess"]
[Date "2018.4.4"]
[Round "3"]
[White "KULLANI"]
[Black "OlivierEvan"]
[Result "0-1"]
[ECO "B90"]
[WhiteElo "2437"]
[BlackElo "2452"]
[WhiteEngine "BrainFish_180329_x64"]
[BlackEngine "Houdini 6"]
[EventType "Swiss"]
[WhiteTeam ""]
[BlackTeam ""]
[PlyCount "178"]
[TimeControl "300+1"]

1. e4 c5 2. Nf3 d6 3. d4 cxd4 4. Nxd4 Nf6 5. Nc3 a6 6. Be3 e5 7. Nb3 Be6 
8. Be2 Be7 9. O-O O-O 10. Qd3 Nbd7 11. Nd5 Bxd5 12. exd5 b6 13. c3 Rb8 14. a4 a5 
15. Qd1 Nc5 16. Nc1 Qc8 17. Re1 Qb7 18. Bc4 Rbc8 19. Nb3 Nxb3 20. Qxb3 Ng4 
21. Bd2 f5 22. Bb5 Bh4 23. g3 f4 24. gxh4 Qe7 25. h3 Qxh4 26. hxg4 Qh3 
27. Re4 Rf6 28. Re3 f3 29. Rxf3 Rxf3 30. Bd7 Rxf2 31. Be6+ Kh8 32. Kxf2 Rf8+ 
33. Bf5 Qxg4 34. Ke3 Rxf5 35. Be1 Rf3+ 36. Kd2 Qg2+ 37. Kc1 Rf1 38. Qd1 Qe4 
39. Kd2 Rg1 40. Ra3 g5 41. c4 g4 42. Rc3 h5 43. Qe2 Rg2 44. Bf2 Qf5 45. Ke1 h4 
46. Qc2 Qf4 47. c5 bxc5 48. Rc4 Qf6 49. Qe2 h3 50. Rxg4 h2 51. Rxg2 h1=Q+ 
52. Rg1 Qhh6 53. Qe3 Qxe3+ 54. Bxe3 Qh4+ 55. Ke2 Qxa4 56. Rh1+ Kg7 57. Rg1+ Kf7 
58. Rf1+ Kg6 59. Bc1 Qc4+ 60. Kf2 Qxd5 61. Rg1+ Kf5 62. Rg5+ Ke6 63. Rg6+ Kd7 
64. Rg3 Qd1 65. Rg7+ Ke6 66. Rg6+ Kd5 67. Rg1 Qc2+ 68. Kg3 Qe2 69. b3 Ke6 
70. Kh3 Qf3+ 71. Kh2 Qxb3 72. Bd2 a4 73. Rg6+ Kd5 74. Rg2 Qb1 75. Rf2 a3 
76. Ba5 a2 77. Bc3 Kc4 78. Bb2 Kb3 79. Ba1 Qxa1 80. Rg2 Qc3 81. Rg1 a1=Q 
82. Rxa1 Qxa1 83. Kg2 e4 84. Kg3 Qe5+ 85. Kf2 e3+ 86. Ke2 Kc4 87. Kf3 e2 
88. Kg4 e1=Q 89. Kf3 Q5g3# 0-1

[Event "Wednesday Night Engine Tour 11 Rd Swiss 5m+1s Starts at 2200hrs ST"]
[Site "Infinity Chess"]
[Date "2018.4.4"]
[Round "3"]
[White "klasman"]
[Black "ocirema"]
[Result "1/2-1/2"]
[ECO "D02"]
[WhiteElo "2463"]
[BlackElo "2479"]
[WhiteEngine "SugaR.XPrO.1.4.64.POCNT"]
[BlackEngine "asmFishW_2018-04-01_popcnt_CTG"]
[EventType "Swiss"]
[WhiteTeam ""]
[BlackTeam ""]
[PlyCount "36"]
[TimeControl "300+1"]

1. d4 d5 2. Nf3 Nf6 3. c4 e6 4. g3 Bb4+ 5. Bd2 Be7 6. Bg2 O-O 7. O-O c6 
8. Qc2 b6 9. Bf4 Ba6 10. Nbd2 Nbd7 11. Rfd1 Nh5 12. Be3 Rc8 13. Rac1 h6 
14. Ne5 Nhf6 15. Qa4 Nb8 16. Qc2 Nbd7 17. Qa4 Nb8 18. Qc2 Nbd7 1/2-1/2

[Event "Wednesday Night Engine Tour 11 Rd Swiss 5m+1s Starts at 2200hrs ST"]
[Site "Infinity Chess"]
[Date "2018.4.4"]
[Round "3"]
[White "Seliga"]
[Black "star99"]
[Result "1-0"]
[ECO "B23"]
[WhiteElo "2508"]
[BlackElo "2491"]
[WhiteEngine "SF9 ''M24''_CTG"]
[BlackEngine "Cryptic Heroes 9.2B"]
[EventType "Swiss"]
[WhiteTeam ""]
[BlackTeam ""]
[PlyCount "183"]
[TimeControl "300+1"]

1. e4 c5 2. Nc3 d6 3. Nf3 a6 4. d4 cxd4 5. Nxd4 Nf6 6. Be3 b6 7. f3 e5 
8. Nde2 Be6 9. g4 d5 10. g5 d4 11. gxf6 dxe3 12. fxg7 Bxg7 13. Qxd8+ Kxd8 
14. Nd5 Nc6 15. Nxe3 Bh6 16. Kf2 Kc7 17. Nc3 Ne7 18. Rd1 Rhd8 19. Bd3 b5 
20. h4 b4 21. Ne2 Nc6 22. Rhg1 a5 23. a4 Rd7 24. Nd5+ Bxd5 25. exd5 Rxd5 
26. Bxh7 Rad8 27. Rxd5 Rxd5 28. Rg4 Rd2 29. Ke1 Rd8 30. Rg8 Rd6 31. h5 Nd4 
32. Nxd4 exd4 33. Be4 Re6 34. Kf2 Re5 35. Kg3 Rxh5 36. f4 d3 37. Bxd3 Rd5 
38. b3 Rd8 39. Rg4 Kd7 40. Kf3 Ke7 41. Ke4 Rh8 42. Rg1 Rd8 43. Bb5 Kf8 
44. Bc4 Re8+ 45. Kf3 Ra8 46. Rh1 Bg7 47. Ke4 Ke7 48. Rh7 Kf6 49. Rh5 Ke7 
50. Rc5 Ra7 51. Kd5 Kd7 52. Rc6 Ke7 53. Kc5 Bc3 54. Kb5 f6 55. Re6+ Kd7 
56. Kc5 Rc7+ 57. Kd5 Ra7 58. f5 Kc7 59. Ba6 Ra8 60. Kc5 Rd8 61. Rc6+ Kd7 
62. Bb7 Re8 63. Ra6 Re5+ 64. Bd5 Rxf5 65. Rxa5 Rf2 66. Ra7+ Kd8 67. a5 Rxc2 
68. Bc4 Bd2 69. Kc6 Be3 70. Rf7 Rh2 71. a6 Ke8 72. Rg7 Ra2 73. Kd6 Bf4+ 
74. Ke6 Kd8 75. a7 Be3 76. a8=R+ Rxa8 77. Rg8+ Kc7 78. Rxa8 f5 79. Rf8 Bg1 
80. Rxf5 Be3 81. Bd5 Kb6 82. Kd6 Bc5+ 83. Kd7 Bg1 84. Bc4 Bc5 85. Rf6+ Kb7 
86. Bd5+ Ka7 87. Kc6 Bb6 88. Rf7+ Kb8 89. Kxb6 Kc8 90. Bb7+ Kd8 91. Bc6 Kc8 
92. Rf8# 1-0

[Event "Wednesday Night Engine Tour 11 Rd Swiss 5m+1s Starts at 2200hrs ST"]
[Site "Infinity Chess"]
[Date "2018.4.4"]
[Round "3"]
[White "MarioDeMonti"]
[Black "Murx"]
[Result "1-0"]
[ECO "C53"]
[WhiteElo "2518"]
[BlackElo "2514"]
[WhiteEngine "stockfish_x64_bmi2_2018_02_18_CTG"]
[BlackEngine "BrainFish_180329_x64_modern"]
[EventType "Swiss"]
[WhiteTeam ""]
[BlackTeam ""]
[PlyCount "67"]
[TimeControl "300+1"]

1. e4 e5 2. Nf3 Nc6 3. Bc4 Bc5 4. c3 Nf6 5. d3 a5 6. O-O d6 7. Re1 O-O 
8. Nbd2 h6 9. h3 Be6 10. a4 Ba7 11. b3 Nd7 12. Ra2 Qf6 13. Nf1 Qg6 14. g4 Ne7 
15. Ng3 Nb6 16. Bb5 c6 17. Bc4 Rad8 18. Rb2 Nxc4 19. bxc4 Bc8 20. d4 Qe6 
21. Qd3 Ng6 22. Be3 Qd7 23. Qd2 Qe6 24. Qd3 Qd7 25. Nf5 Rfe8 26. Qc2 Ne7 
27. N3h4 Ng6 28. Nf3 Ne7 29. Qc1 Nxf5 30. exf5 exd4 31. cxd4 h5 32. Ng5 b6 
33. Qb1 hxg4 34. hxg4 1-0

[Event "Wednesday Night Engine Tour 11 Rd Swiss 5m+1s Starts at 2200hrs ST"]
[Site "Infinity Chess"]
[Date "2018.4.4"]
[Round "3"]
[White "RonWeasley"]
[Black "MrScience"]
[Result "1-0"]
[ECO "E32"]
[WhiteElo "2518"]
[BlackElo "2525"]
[WhiteEngine "BrainFish 010418 WM_CTG"]
[BlackEngine "cfish"]
[EventType "Swiss"]
[WhiteTeam ""]
[BlackTeam ""]
[PlyCount "133"]
[TimeControl "300+1"]

1. d4 Nf6 2. c4 e6 3. Nc3 Bb4 4. Qc2 O-O 5. e4 d5 6. e5 Ne4 7. Bd3 c5 
8. Nf3 cxd4 9. Nxd4 Nd7 10. Bf4 Qh4 11. g3 Qh3 12. O-O-O Nxc3 13. bxc3 Ba3+ 
14. Kb1 Nb6 15. Bf1 Qh5 16. Be2 Qg6 17. Bd3 Qh5 18. g4 Qxg4 19. Qd2 Be7 
20. h4 f6 21. Rhg1 Qh5 22. Be2 Nxc4 23. Bxh5 Nxd2+ 24. Rxd2 g6 25. Bg4 f5 
26. Be2 Bxh4 27. Rh1 Bxf2 28. Nf3 h5 29. Ng5 Kg7 30. Bxh5 Rh8 31. Rxf2 gxh5 
32. Nf3 Kf7 33. Bg5 Ke8 34. Bf6 Rh7 35. Rg2 Kd7 36. Rg8 Kc6 37. Ng5 Rc7 
38. Nxe6 Bxe6 39. Rxa8 Rh7 40. Rxa7 f4 41. Ra4 f3 42. Rf4 Bg4 43. Kc2 Rf7 
44. Re1 Rf8 45. e6 Ra8 46. e7 Bd7 47. Kb2 Be8 48. Rxf3 Ra6 49. Bg5 Rb6+ 
50. Ka1 Ra6 51. Rf8 Ra8 52. Rd1 b6 53. Rf6+ Kd7 54. Rxd5+ Kxe7 55. Re5+ Kd7 
56. Rh6 Kc7 57. Re7+ Bd7 58. Bf4+ Kb7 59. Rxd7+ Ka6 60. Bc7 Kb5 61. Kb2 Kc5 
62. Bxb6+ Kb5 63. Kb3 Ra4 64. Bf2 Ra3+ 65. Kxa3 h4 66. Rc7 h3 67. Rc5# 1-0

[Event "Wednesday Night Engine Tour 11 Rd Swiss 5m+1s Starts at 2200hrs ST"]
[Site "Infinity Chess"]
[Date "2018.4.4"]
[Round "3"]
[White "THE_MACHINE"]
[Black "MCDermont"]
[Result "1/2-1/2"]
[ECO "C11"]
[WhiteElo "2588"]
[BlackElo "2547"]
[WhiteEngine "BrainFish_180401_x64_bmi2"]
[BlackEngine "BrainFish 010418 WM_CTG"]
[EventType "Swiss"]
[WhiteTeam ""]
[BlackTeam ""]
[PlyCount "114"]
[TimeControl "300+1"]

1. e4 e6 2. d4 d5 3. Nc3 Nf6 4. e5 Nfd7 5. f4 c5 6. Nf3 Nc6 7. Be3 cxd4 
8. Nxd4 Qb6 9. Qd2 Qxb2 10. Rb1 Qa3 11. Bb5 Nxd4 12. Bxd4 a6 13. Bxd7+ Bxd7 
14. Rb3 Qe7 15. Rxb7 Rc8 16. O-O Qd8 17. f5 exf5 18. Qd3 Bc5 19. Bxc5 Rxc5 
20. Nxd5 Bc8 21. Re7+ Kf8 22. Qa3 Qa5 23. Qxa5 Rxa5 24. Rc7 Be6 25. Nf4 Rxe5 
26. Nxe6+ Rxe6 27. Rxf5 Re7 28. Rc8+ Re8 29. Rc7 Re7 30. Rc8+ Re8 31. Rfc5 Ke7 
32. R8c6 g6 33. Kf2 Ra8 34. Rc7+ Kf6 35. Rc3 Kg7 36. Rf3 Rhf8 37. Kg3 Rad8 
38. h4 Rd2 39. a3 Kg8 40. Rf2 Rxf2 41. Kxf2 Re8 42. Kf3 Kg7 43. c4 Kf6 
44. c5 Re5 45. g3 Ke6 46. a4 a5 47. g4 Rd5 48. Ke3 f5 49. gxf5+ Rxf5 
50. Rxh7 Rxc5 51. Kd4 Rf5 52. Kd3 g5 53. Rh6+ Kd5 54. hxg5 Rxg5 55. Rh3 Ke6 
56. Rh1 Rg3+ 57. Kc2 Rg2+ 1/2-1/2

[Event "Wednesday Night Engine Tour 11 Rd Swiss 5m+1s Starts at 2200hrs ST"]
[Site "Infinity Chess"]
[Date "2018.4.4"]
[Round "3"]
[White "Deep_Impact"]
[Black "KRAKEN"]
[Result "1/2-1/2"]
[ECO "C50"]
[WhiteElo "2538"]
[BlackElo "2570"]
[WhiteEngine "kt-2016.00b"]
[BlackEngine "Raubfisch X38_CTG"]
[EventType "Swiss"]
[WhiteTeam ""]
[BlackTeam ""]
[PlyCount "140"]
[TimeControl "300+1"]

1. e4 e5 2. Nf3 Nc6 3. Bc4 Bc5 4. O-O Nf6 5. d3 d6 6. c3 O-O 7. h3 a6 8. Re1 Ba7 
9. a4 h6 10. Nbd2 Nh5 11. Nf1 Be6 12. Bd5 Qf6 13. d4 Rab8 14. a5 exd4 
15. Bxc6 bxc6 16. cxd4 Rb5 17. Ra3 Re8 18. Rc3 Qd8 19. e5 dxe5 20. dxe5 Qxd1 
21. Rxd1 g5 22. Rxc6 Rxa5 23. Be3 Bxe3 24. Nxe3 Nf4 25. Rxc7 Nd5 26. Nxd5 Rxd5 
27. Rd4 Rb8 28. Ra7 Rxb2 29. Rxa6 Kh7 30. Rd6 Ra5 31. g4 Rb3 32. Kg2 Raa3 
33. Ne1 h5 34. Nd3 hxg4 35. hxg4 Rb5 36. Rd8 Kg7 37. Kh2 Rc3 38. f3 Bc4 
39. Kg3 Bxd3 40. Rxd3 Rxd3 41. Rxd3 Rxe5 42. Rb3 Re7 43. Rb5 f6 44. Rb8 Kg6 
45. Rd8 Re2 46. Rh8 Re3 47. Rd8 Kg7 48. Kf2 Rc3 49. Kg3 Rc7 50. Rd3 Rc4 
51. Rd6 Rc8 52. Ra6 Rc7 53. Ra5 Rd7 54. Ra6 Re7 55. Rd6 Rc7 56. Re6 Kg6 
57. Re8 Rc2 58. Rg8+ Kh7 59. Rd8 Kg6 60. Rh8 Kf7 61. Ra8 Rc4 62. Rd8 Ke6 
63. Rd2 Rc3 64. Rd8 Rc1 65. Re8+ Kd6 66. Rd8+ Ke5 67. Re8+ Kd6 68. Rd8+ Ke6 
69. Re8+ Kd5 70. Rd8+ Ke6 1/2-1/2

[Event "Wednesday Night Engine Tour 11 Rd Swiss 5m+1s Starts at 2200hrs ST"]
[Site "Infinity Chess"]
[Date "2018.4.4"]
[Round "2"]
[White "SkyPilot"]
[Black "KULLANI"]
[Result "1/2-1/2 "]
[ECO "C50"]
[WhiteElo "2498"]
[BlackElo "2434"]
[WhiteEngine "stockfish_x64_bmi2_2018_03_30_CTG"]
[BlackEngine "BrainFish_180329_x64"]
[EventType "Swiss"]
[WhiteTeam ""]
[BlackTeam ""]
[PlyCount "281"]
[TimeControl "300+1"]

1. e4 e5 2. Nf3 Nc6 3. Bc4 Bc5 4. O-O Nf6 5. d3 O-O 6. c3 d6 7. h3 a5 8. Nbd2 h6 
9. Re1 Be6 10. Bb5 Qb8 11. Nf1 Qa7 12. Ne3 a4 13. Bxc6 bxc6 14. Nh4 Bxe3 
15. Bxe3 c5 16. c4 Qb8 17. Rb1 Kh7 18. g4 Qd8 19. Ng2 g5 20. Bd2 Ng8 21. f3 Ne7 
22. h4 Ng6 23. h5 Nf4 24. Bc3 f6 25. Nxf4 gxf4 26. Re2 Qd7 27. Rg2 Rfd8 
28. Rc1 Qf7 29. Qe2 Qd7 30. Qc2 Rdb8 31. Be1 Qf7 32. Kf1 Bd7 33. Bc3 Be6 
34. Be1 Bd7 35. Qf2 Bc6 36. Qd2 Qf8 37. Qc2 Qc8 38. Bh4 Kg7 39. Qf2 Qe6 
40. Qc2 Rc8 41. Be1 Rcb8 42. Bh4 Bd7 43. Bf2 Kf7 44. Be1 Bc6 45. Bd2 Kg7 
46. Bc3 Rg8 47. Ke1 Rgc8 48. Kf1 Rab8 49. Kg1 Qf7 50. Kf1 Rg8 51. Rh2 Qe8 
52. Qf2 Bd7 53. Qe1 Be6 54. Qf2 Qe7 55. Rg2 Rb7 56. Qc2 Qd7 57. Qd1 Kh7 
58. Kg1 Qc6 59. Qe2 Rbb8 60. Qd2 Qb6 61. Rc2 Bd7 62. Rc1 Qc6 63. Qf2 Kg7 
64. Qe2 Be6 65. Qf2 Kh7 66. Kf1 Qd7 67. Rc2 Qf7 68. Be1 Kg7 69. Qd2 Bd7 
70. Qf2 Rb7 71. Qd2 Ra8 72. Rh2 Be6 73. Kg1 c6 74. Qc1 Qe7 75. Rc3 Rd8 
76. Bh4 Rbd7 77. Qc2 Qf7 78. Qxa4 d5 79. cxd5 cxd5 80. Rf2 dxe4 81. dxe4 Rd1+ 
82. Rf1 R1d2 83. Rxc5 Rxb2 84. Rc2 Rxc2 85. Qxc2 Qa7+ 86. Kh1 Qxa2 87. Qxa2 Bxa2 
88. Rc1 Be6 89. Rc6 Rd1+ 90. Kg2 Kf7 91. Rc7+ Rd7 92. Rc6 Rd2+ 93. Kf1 Rd1+ 
94. Ke2 Rd7 95. Kf2 Rd2+ 96. Ke1 Rd7 97. Bf2 Bb3 98. Ra6 Bc4 99. Rc6 Bb5 
100. Rb6 Bc4 101. Bh4 Be6 102. Kf2 Ra7 103. Rc6 Rd7 104. Rb6 Ra7 105. Kg2 Rc7 
106. Kh3 Rd7 107. Kg2 Rd1 108. Bf2 Rd2 109. Ra6 Ke7 110. Ra5 Bd7 111. Kf1 Kf7 
112. Kg2 Rc2 113. Ra6 Ke7 114. Ra5 Kd6 115. Kg1 Ke7 116. Ra7 Kd6 117. Kg2 Ke6 
118. Kg1 Bb5 119. Kg2 Be2 120. Ra3 Bc4 121. Ra5 Rc3 122. Be1 Re3 123. Bf2 Rb3 
124. Ra2 Rc3 125. Rb2 Bb3 126. Rd2 Rc2 127. Rxc2 Bxc2 128. Bc5 Bd1 129. Bf8 Kf7 
130. Bxh6 Kg8 131. g5 Kh7 132. Kf2 Ba4 133. Kf1 Be8 134. Bf8 fxg5 135. Kf2 Bxh5 
136. Bd6 Be8 137. Bxe5 Kg6 138. Bd6 Ba4 139. Bc5 Kh5 140. Be7 Bd1 141. Kg2 
1/2-1/2

[Event "Wednesday Night Engine Tour 11 Rd Swiss 5m+1s Starts at 2200hrs ST"]
[Site "Infinity Chess"]
[Date "2018.4.4"]
[Round "2"]
[White "OlivierEvan"]
[Black "klasman"]
[Result "1/2-1/2"]
[ECO "B90"]
[WhiteElo "2451"]
[BlackElo "2464"]
[WhiteEngine "Houdini 6"]
[BlackEngine "SugaR.XPrO.1.4.64.POCNT"]
[EventType "Swiss"]
[WhiteTeam ""]
[BlackTeam ""]
[PlyCount "123"]
[TimeControl "300+1"]

1. e4 c5 2. Nf3 d6 3. d4 cxd4 4. Nxd4 Nf6 5. Nc3 a6 6. Be3 e5 7. Nb3 Be6 
8. f3 h5 9. Qd2 Nbd7 10. Nd5 Bxd5 11. exd5 g6 12. Be2 Bg7 13. O-O b6 14. c4 O-O 
15. Rae1 Re8 16. Bf2 Qc7 17. Bd3 b5 18. Rc1 e4 19. cxb5 Qb8 20. fxe4 Nxe4 
21. Bxe4 Rxe4 22. Qc2 Ra4 23. b6 Nxb6 24. Qc6 Rb4 25. Bg3 Qa7 26. Kh1 Rb5 
27. Bf2 Qb8 28. Nd4 Rxd5 29. Rfd1 Rc5 30. Rxc5 dxc5 31. Nf3 Nc4 32. b3 Na5 
33. Qd5 Qb7 34. Bxc5 Rc8 35. h3 Qxd5 36. Rxd5 Nb7 37. Be3 Re8 38. Bd4 Bf8 
39. Rd7 Re7 40. Ne5 Nc5 41. Rxe7 Bxe7 42. Kg1 Bd6 43. Bxc5 Bxc5+ 44. Kf1 Bd6 
45. Nc4 Bb8 46. Ke2 f5 47. Kd3 Kf7 48. Kd4 g5 49. a4 Ke6 50. Kd3 Kd5 51. b4 f4 
52. Nb6+ Kc6 53. Nc4 g4 54. hxg4 hxg4 55. Ke4 Bc7 56. Nd2 f3 57. gxf3 g3 
58. b5+ axb5 59. axb5+ Kxb5 60. f4 g2 61. Nf3 g1=Q 62. Nxg1 1/2-1/2

[Event "Wednesday Night Engine Tour 11 Rd Swiss 5m+1s Starts at 2200hrs ST"]
[Site "Infinity Chess"]
[Date "2018.4.4"]
[Round "2"]
[White "ocirema"]
[Black "star99"]
[Result "1/2-1/2"]
[ECO "D10"]
[WhiteElo "2478"]
[BlackElo "2492"]
[WhiteEngine "asmFishW_2018-04-01_popcnt_CTG"]
[BlackEngine "Cryptic Heroes 9.2B"]
[EventType "Swiss"]
[WhiteTeam ""]
[BlackTeam ""]
[PlyCount "147"]
[TimeControl "300+1"]

1. d4 d5 2. c4 c6 3. cxd5 cxd5 4. Bf4 Nf6 5. e3 Qb6 6. Nc3 Bg4 7. Qd2 Nc6 
8. Bd3 e6 9. Nge2 Bh5 10. O-O Bg6 11. Rfc1 Qd8 12. Na4 Rc8 13. Nc5 Bxc5 
14. Rxc5 Bxd3 15. Qxd3 Ne4 16. Rcc1 Qh4 17. Rf1 Qe7 18. f3 Nd6 19. Rac1 a6 
20. Bxd6 Qxd6 21. Qb3 Qd7 22. Qa3 Ne7 23. Rxc8+ Nxc8 24. Rc1 Nd6 25. Nf4 O-O 
26. b3 Rc8 27. Rxc8+ Nxc8 28. Qa5 Qd6 29. Qc5 Qd8 30. Qb4 Nd6 31. g4 g6 
32. Kf1 Kg7 33. h3 a5 34. Qc5 Kg8 35. Qa7 Qc7 36. Qc5 Qd8 37. a4 Nc8 38. Kf2 Ne7 
39. h4 b6 40. Qc2 Qd6 41. Kg2 Kg7 42. Kh3 Nc6 43. Qc3 Ne7 44. h5 Qd7 45. Kg2 Qd6 
46. hxg6 hxg6 47. Kf2 g5 48. Nh5+ Kh6 49. Ng3 Qc6 50. Qxc6 Nxc6 51. Ne2 Kg6 
52. Nc3 Kf6 53. Ne2 e5 54. Nc3 Ke6 55. Nb5 exd4 56. exd4 f6 57. Ke3 f5 
58. gxf5+ Kxf5 59. Nc3 Ke6 60. Nb5 Ne7 61. Nc7+ Kd7 62. Nb5 Ke6 63. Nc3 Kf5 
64. Kf2 Nc6 65. Nxd5 Nxd4 66. Nxb6 Nxb3 67. Ke3 Ke5 68. Nd7+ Kd6 69. Nf8 Nc5 
70. Nh7 Nxa4 71. Nxg5 Kc6 72. Ne4 Kd5 73. Kd3 Nb2+ 74. Kc2 1/2-1/2

[Event "Wednesday Night Engine Tour 11 Rd Swiss 5m+1s Starts at 2200hrs ST"]
[Site "Infinity Chess"]
[Date "2018.4.4"]
[Round "2"]
[White "MarioDeMonti"]
[Black "Seliga"]
[Result "1/2-1/2"]
[ECO "C50"]
[WhiteElo "2518"]
[BlackElo "2508"]
[WhiteEngine "stockfish_x64_bmi2_2018_02_18_CTG"]
[BlackEngine "SF9 ''M24''_CTG"]
[EventType "Swiss"]
[WhiteTeam ""]
[BlackTeam ""]
[PlyCount "84"]
[TimeControl "300+1"]

1. e4 e5 2. Nf3 Nc6 3. Bc4 Bc5 4. O-O d6 5. c3 Nf6 6. d3 a5 7. Nbd2 O-O 8. h3 h6 
9. Re1 Be6 10. a4 Ba7 11. b3 d5 12. exd5 Nxd5 13. Ne4 Re8 14. Bd2 Nf6 
15. Qe2 Qe7 16. Bb5 Bxb3 17. c4 Nxe4 18. Qxe4 Rad8 19. Bxc6 bxc6 20. Qxe5 Qxe5 
21. Nxe5 Bd4 22. Nxc6 Bxa1 23. Nxd8 Rxe1+ 24. Bxe1 Bxa4 25. Bxa5 Bc2 
26. Bxc7 Bxd3 27. c5 Be4 28. c6 Bf6 29. f3 Bxd8 30. Bxd8 Bxc6 31. h4 f6 
32. Kf2 h5 33. Ba5 Kf7 34. Ke3 Be8 35. Kd4 Bd7 36. Ke3 Bb5 37. Bc3 Be8 
38. Bd4 g5 39. hxg5 fxg5 40. Ke4 Ke6 41. g3 h4 42. gxh4 gxh4 1/2-1/2

[Event "Wednesday Night Engine Tour 11 Rd Swiss 5m+1s Starts at 2200hrs ST"]
[Site "Infinity Chess"]
[Date "2018.4.4"]
[Round "2"]
[White "Murx"]
[Black "RonWeasley"]
[Result "1/2-1/2"]
[ECO "C11"]
[WhiteElo "2514"]
[BlackElo "2518"]
[WhiteEngine "BrainFish_180329_x64_modern"]
[BlackEngine "BrainFish 010418 WM_CTG"]
[EventType "Swiss"]
[WhiteTeam ""]
[BlackTeam ""]
[PlyCount "111"]
[TimeControl "300+1"]

1. e4 e6 2. d4 d5 3. Nc3 Nf6 4. e5 Nfd7 5. f4 c5 6. Nf3 Nc6 7. Be3 cxd4 
8. Nxd4 Qb6 9. Qd2 Qxb2 10. Rb1 Qa3 11. Bb5 Nxd4 12. Bxd4 a6 13. Bxd7+ Bxd7 
14. Rb3 Qe7 15. Rxb7 Rc8 16. O-O Qd8 17. f5 exf5 18. Qd3 Bc5 19. Bxc5 Rxc5 
20. Nxd5 Bc8 21. Re7+ Kf8 22. Qa3 Qa5 23. Qxa5 Rxa5 24. Rc7 Be6 25. Nf4 Rxe5 
26. Nxe6+ Rxe6 27. Rxf5 Re7 28. Rc8+ Re8 29. Rfc5 Ke7 30. R8c6 g6 31. a4 Ra8 
32. Rc7+ Kf6 33. Rc3 Kg7 34. Rf3 Rhf8 35. c4 Rab8 36. c5 Rb4 37. a5 Rc4 
38. Kf1 Ra4 39. Ke2 Rxa5 40. Kd3 Ra1 41. c6 Rc1 42. Ke4 a5 43. Ke5 Kg8 
44. Rf4 a4 45. Rxa4 Rd8 46. g3 Rd2 47. h3 Rc5+ 48. Ke4 Rdc2 49. Ra8+ Kg7 
50. Ra6 R2c4+ 51. Kd3 g5 52. Raa7 Rc3+ 53. Ke4 R3c4+ 54. Kd3 Rc3+ 55. Ke4 R3c4+ 
56. Kd3 1/2-1/2

[Event "Wednesday Night Engine Tour 11 Rd Swiss 5m+1s Starts at 2200hrs ST"]
[Site "Infinity Chess"]
[Date "2018.4.4"]
[Round "2"]
[White "KillBill2017"]
[Black "Deep_Impact"]
[Result "0-1 "]
[ECO "C53"]
[WhiteElo "2521"]
[BlackElo "2522"]
[WhiteEngine "Raubfisch ME262_GTZ17_CTG"]
[BlackEngine "kt-2016.00b"]
[EventType "Swiss"]
[WhiteTeam ""]
[BlackTeam ""]
[PlyCount "310"]
[TimeControl "300+1"]

1. e4 e5 2. Nf3 Nc6 3. Bc4 Bc5 4. c3 Nf6 5. d3 a5 6. O-O d6 7. Bg5 Ba7 
8. Nbd2 h6 9. Bh4 g5 10. Bg3 O-O 11. Bb3 Be6 12. Re1 Bxb3 13. axb3 b5 
14. Nf1 Qd7 15. h3 Rfe8 16. Ne3 Bxe3 17. fxe3 Ne7 18. Nd2 Kg7 19. Rf1 a4 
20. d4 Neg8 21. Qf3 Qe6 22. Qe2 c6 23. bxa4 bxa4 24. Qd1 Reb8 25. Qc2 g4 
26. Kh2 Ra5 27. dxe5 dxe5 28. Rfb1 Rba8 29. Rf1 R5a7 30. Rf5 Nd7 31. Bh4 gxh3 
32. gxh3 Nf8 33. Raf1 Ng6 34. Bg3 Rb7 35. R1f2 a3 36. bxa3 Rxa3 37. Rg2 Kh7 
38. Qd3 f6 39. Rf1 Rd7 40. Qe2 Rxc3 41. Be1 Rg7 42. Nf3 Rb3 43. Rfg1 Rbb7 
44. Qc2 Qb3 45. Qe2 c5 46. Nd2 Qe6 47. Nf3 Ra7 48. Qb5 c4 49. Rc2 Rac7 
50. Ba5 Ra7 51. Bb4 Rac7 52. Ba5 Rc8 53. Bb4 N8e7 54. Bc5 Nc6 55. Qxc4 Nd8 
56. Rgc1 Rgc7 57. Qd3 Nf7 58. Kg3 Rd8 59. Qc4 Qd7 60. Kh2 Ng5 61. Nxg5+ hxg5 
62. Qe2 Rdc8 63. Qh5+ Kg7 64. Kg3 Rb7 65. Qg4 Rcb8 66. Rf2 Qe8 67. Bd6 Rd8 
68. Bc5 Rd3 69. Kh2 Qd8 70. Qe6 Rd2 71. Rc2 Rd1 72. Ra2 Rf7 73. Ra6 Rd2 
74. Ra2 Rxa2 75. Qxa2 Qd3 76. Qc2 Qb5 77. Rd2 Nh4 78. Rf2 Rd7 79. Ba3 Qa5 
80. Qc5 Qxc5 81. Bxc5 Rb7 82. Kg3 Kg6 83. Bd6 Rb6 84. Rd2 Rb1 85. Rf2 Rb3 
86. Bc5 Rb1 87. Bd6 Rb3 88. Bc5 Kf7 89. Ra2 Rc3 90. Bb6 Rc1 91. Rf2 Rg1+ 
92. Kh2 Rd1 93. Kg3 Re1 94. Kg4 Kg6 95. Kg3 Rg1+ 96. Kh2 Re1 97. Kg3 Rg1+ 
98. Kh2 Rd1 99. Kg3 Rd3 100. Kg4 Rd1 101. Kg3 Rd7 102. Ba5 Rd3 103. Re2 Kh5 
104. Kf2 g4 105. hxg4+ Kxg4 106. Rc2 Rd6 107. Bb4 Ra6 108. Ke2 Nf3 109. Rc1 Ng5 
110. Rg1+ Kh5 111. Kd3 Ra7 112. Rh1+ Kg4 113. Rg1+ Kh4 114. Rf1 Rd7+ 
115. Ke2 Nxe4 116. Kf3 Ng5+ 117. Ke2 Rf7 118. Bc3 Kg4 119. e4 Rc7 120. Kd3 Rc8 
121. Rg1+ Kh5 122. Rh1+ Kg6 123. Ba5 Ra8 124. Ra1 Ra6 125. Ke3 Ra7 126. Ra3 Ra8 
127. Ra4 Kh5 128. Ra1 Rb8 129. Rh1+ Kg6 130. Rc1 Rb5 131. Bc3 Rb3 132. Kd3 Nh3 
133. Rc2 Nf4+ 134. Kd2 Rb7 135. Ke3 Rh7 136. Rf2 Kg5 137. Rf1 Rh3+ 138. Rf3 Rh1 
139. Rg3+ Kh4 140. Rg8 Rh3+ 141. Kd2 Rd3+ 142. Kc2 Re3 143. Rf8 Nh5 
144. Rg8 Re2+ 145. Kd1 Rxe4 146. Be1+ Kh3 147. Bc3 Ng3 148. Re8 Kg4 149. Re6 Ne2 
150. Ba1 Kf5 151. Ra6 Kg5 152. Ke1 Nc3+ 153. Kd2 Ra4 154. Rxa4 Nxa4 155. Kd3 Kf4 
0-1

[Event "Wednesday Night Engine Tour 11 Rd Swiss 5m+1s Starts at 2200hrs ST"]
[Site "Infinity Chess"]
[Date "2018.4.4"]
[Round "2"]
[White "MrScience"]
[Black "MCDermont"]
[Result "1/2-1/2"]
[ECO "E10"]
[WhiteElo "2524"]
[BlackElo "2548"]
[WhiteEngine "cfish"]
[BlackEngine "BrainFish 010418 WM_CTG"]
[EventType "Swiss"]
[WhiteTeam ""]
[BlackTeam ""]
[PlyCount "130"]
[TimeControl "300+1"]

1. d4 Nf6 2. c4 e6 3. Nf3 d5 4. g3 dxc4 5. Bg2 Bb4+ 6. Bd2 a5 7. Qc2 b6 
8. O-O Bb7 9. Bxb4 axb4 10. Qxc4 Nc6 11. Nbd2 O-O 12. Rfd1 Qd6 13. e3 Rfc8 
14. Qd3 Na5 15. a3 c5 16. Qb5 Ba6 17. Qa4 Be2 18. Re1 Nc6 19. Qb3 Bb5 
20. dxc5 bxc5 21. Rec1 h6 22. Nc4 Bxc4 23. Qxc4 Na5 24. Qf1 Nb3 25. Rd1 Qc7 
26. Nd2 Nxa1 27. Bxa8 Rxa8 28. Rxa1 bxa3 29. bxa3 Ng4 30. Nc4 Ne5 31. Qe2 Nxc4 
32. Qxc4 Qc6 33. Rc1 Rxa3 34. Qxc5 Qxc5 35. Rxc5 Ra1+ 36. Kg2 g5 37. Kf3 Kg7 
38. h4 gxh4 39. g4 Kg6 40. Rh5 h3 41. Rxh3 Kg5 42. Rh5+ Kg6 43. e4 f6 
44. Kg2 Ra4 45. f3 e5 46. Kh2 Ra3 47. Kg3 Ra2 48. Rh4 Kg5 49. Rh5+ Kg6 
50. Rh1 Ra3 51. Rh4 Ra6 52. Rh1 Kg5 53. Rh5+ Kg6 54. Rh4 Ra4 55. Rh5 Ra5 
56. Kf2 Ra6 57. Rh4 Kg5 58. Rh1 Kf4 59. Rxh6 Ra2+ 60. Kg1 Kg3 61. Kf1 Kxf3 
62. Rxf6+ Kxg4 63. Rf5 Ra1+ 64. Ke2 Ra5 65. Kd3 Rd5+ 1/2-1/2

[Event "Wednesday Night Engine Tour 11 Rd Swiss 5m+1s Starts at 2200hrs ST"]
[Site "Infinity Chess"]
[Date "2018.4.4"]
[Round "2"]
[White "KRAKEN"]
[Black "THE_MACHINE"]
[Result "1/2-1/2"]
[ECO "D31"]
[WhiteElo "2569"]
[BlackElo "2589"]
[WhiteEngine "Raubfisch X38_CTG"]
[BlackEngine "BrainFish_180401_x64_bmi2"]
[EventType "Swiss"]
[WhiteTeam ""]
[BlackTeam ""]
[PlyCount "144"]
[TimeControl "300+1"]

1. d4 d5 2. c4 e6 3. Nc3 c6 4. e3 Nf6 5. Nf3 Nbd7 6. Bd3 dxc4 7. Bxc4 b5 
8. Be2 Bb7 9. O-O Be7 10. a3 a5 11. b3 O-O 12. Bb2 b4 13. Na4 c5 14. dxc5 Nxc5 
15. Nxc5 Bxc5 16. Ne5 Qe7 17. axb4 Bxb4 18. Bd3 Ne4 19. Nc4 Rfd8 20. Qe2 Nc5 
21. Bc2 Ne4 22. Bd3 h6 23. Rfc1 Nc5 24. Bc2 Ne4 25. Qg4 Nc3 26. Rd1 Bd5 
27. Rd4 f5 28. Qh5 Rdb8 29. g3 Qg5 30. Qxg5 hxg5 31. Rd3 Ne4 32. Rdd1 g4 
33. Rdc1 Ng5 34. Bd1 Rb7 35. Bd4 Rc8 36. h4 gxh3 37. Kh2 Bg2 38. Be2 Nf3+ 
39. Bxf3 Bxf3 40. Ne5 Rxc1 41. Rxc1 Bg2 42. Ng6 Kf7 43. Ne5+ Ke7 44. Ng6+ Kf7 
45. Ne5+ Ke7 46. Ng6+ Kd6 47. Be5+ Kd5 48. Bd4 Kd6 49. Be5+ Kd7 50. Bxg7 Bd5 
51. Bd4 Bxb3 52. Ne5+ Kd6 53. Nd3 Bd2 54. Rc8 Bd5 55. Be5+ Kd7 56. Rc2 Bb4 
57. Kxh3 Bf3 58. Nxb4 axb4 59. Rd2+ Kc6 60. Kh4 b3 61. Kg5 Bd5 62. Bb2 Ra7 
63. Kf4 Kd6 64. Be5+ Ke7 65. f3 Ra4+ 66. Kg5 Bxf3 67. Bf6+ Kf8 68. Rd8+ Kf7 
69. Rd7+ Ke8 70. Rd8+ Kf7 71. Rd7+ Ke8 72. Rd8+ Kf7 1/2-1/2